[Event " 3rd International Chess Festival Sport"]
[Site "Paracin"]
[Date "2010.07.10"]
[Round "2.2"]
[White "Kryakvin Dmitry"]
[Black "Doric Nenad"]
[Result "1-0"]
[ECO "D43"]
[WhiteElo "2603"]
[BlackElo "2322"]
[Annotator "Milojevic,Boban"]
[PlyCount "95"]
[EventDate "2010.??.??"]
[TimeControl "5400"]

1. d4 d5 2. c4 c6 3. Nf3 Nf6 4. Nc3 e6 5. Bg5 h6 6. Bxf6 Qxf6 7. Qb3 dxc4 8.
Qxc4 Nd7 9. O-O-O g6 10. h4 Bg7 11. e3 O-O 12. Bd3 Qe7 13. Kb1 e5 14. h5 exd4
15. exd4 Nb6 16. Qb3 g5 17. Rhe1 Be6 18. Qc2 Qb4 19. Ne5 Nc4 20. Bxc4 Bxc4 21.
g3 Rad8 22. f4 Be6 23. f5 Bd5 24. Qf2 Bf6 25. a3 Qd6 26. Ng4 Kg7 27. Re5 Bb3
28. Ne4 Qxe5 29. Nxe5 Bxd1 30. Nxf6 Kxf6 31. Qd2 Bxh5 32. g4 Bxg4 33. Nxg4+
Kxf5 34. Nxh6+ Kg6 35. Ng4 Rfe8 36. Qh2 Kf5 37. Ne5 Rxd4 38. Nxf7 Re1+ 39. Ka2
Rf4 40. Qg3 Ref1 41. Qxg5+ Ke4 42. Nd6+ Kd3 43. Nxb7 R4f2 44. Qg6+ Kd2 45. Qxc6
Kd1 46. Nc5 Rd2 47. Ne4 Rc2 48. Nc3+ 1-0

[Event " 3rd International Chess Festival Sport"]
[Site "Paracin"]
[Date "2010.07.10"]
[Round "2.2"]
[White "Sorgic Dragan"]
[Black "Damljanovic Branko"]
[Result "0-1"]
[ECO "B50"]
[WhiteElo "2310"]
[BlackElo "2541"]
[Annotator "Milojevic,Boban"]
[PlyCount "74"]
[EventDate "2010.??.??"]
[TimeControl "5400"]

1. e4 c5 2. Nf3 d6 3. c3 Nf6 4. h3 Nbd7 5. Bd3 b6 6. O-O Bb7 7. Re1 Rc8 8. b3
e5 9. Bc2 Qc7 10. d3 g6 11. Nbd2 Bg7 12. Bb2 O-O 13. Rc1 d5 14. c4 d4 15. Rb1
Ne8 16. Bc1 Nd6 17. Nh2 f5 18. f3 Bh6 19. Ndf1 Bxc1 20. Qxc1 f4 21. a3 Rce8 22.
b4 Re7 23. Nd2 h5 24. Nb3 Bc8 25. bxc5 bxc5 26. Qd2 Nb7 27. Rec1 Rf6 28. Bd1
Ra6 29. Ra1 g5 30. Qe1 Rg7 31. Rc2 Rh6 32. Qf2 Nf6 33. Kf1 g4 34. fxg4 hxg4 35.
Bxg4 Nxg4 36. Nxg4 Bxg4 37. hxg4 Na5 0-1

[Event " 3rd International Chess Festival Sport"]
[Site "Paracin"]
[Date "2010.07.10"]
[Round "2.2"]
[White "Simantsev Mikhail"]
[Black "Todorovic Bojan"]
[Result "1/2-1/2"]
[ECO "D94"]
[WhiteElo "2539"]
[BlackElo "2305"]
[Annotator "Milojevic,Boban"]
[PlyCount "61"]
[EventDate "2010.??.??"]
[TimeControl "5400"]

1. d4 d5 2. c4 c6 3. e3 Nf6 4. Nc3 g6 5. Nf3 Bg7 6. Bd3 O-O 7. O-O Bg4 8. h3
Bxf3 9. Qxf3 e6 10. Rd1 Nbd7 11. b3 Re8 12. Bb2 Qa5 13. Bf1 e5 14. Rab1 exd4
15. exd4 Ne4 16. b4 Qxb4 17. Ba1 Qa5 18. cxd5 Nxc3 19. Bxc3 Qxd5 20. Qxd5 cxd5
21. Rxb7 Nf8 22. a4 Rec8 23. Bb2 Rab8 24. Rb5 Ne6 25. Rc1 Rd8 26. Rd1 Rdc8 27.
Rc1 Rd8 28. Rd1 Rdc8 29. g3 Rxb5 30. axb5 Rc2 31. Ba1 1/2-1/2

[Event " 3rd International Chess Festival Sport"]
[Site "Paracin"]
[Date "2010.07.10"]
[Round "2.2"]
[White "Nestorovic Lazar"]
[Black "Pavlov Sergey"]
[Result "1/2-1/2"]
[ECO "B05"]
[WhiteElo "2310"]
[BlackElo "2524"]
[Annotator "Milojevic,Boban"]
[PlyCount "113"]
[EventDate "2010.??.??"]
[TimeControl "5400"]

1. e4 Nf6 2. e5 Nd5 3. Nf3 d6 4. d4 Bg4 5. Be2 c6 6. exd6 Qxd6 7. O-O Nd7 8.
Ne5 Bxe2 9. Qxe2 Nxe5 10. dxe5 Qg6 11. Nc3 O-O-O 12. Rd1 e6 13. Ne4 Be7 14. c4
Nb4 15. Bf4 c5 16. Nd6+ Bxd6 17. exd6 Nc6 18. b4 e5 19. b5 Nd4 20. d7+ Rxd7 21.
Rxd4 exf4 22. Rxd7 Kxd7 23. Rd1+ Kc8 24. Qe5 Qe6 25. Qxc5+ Kb8 26. Qd4 f3 27.
gxf3 Rc8 28. Qf4+ Ka8 29. Qe4 Kb8 30. Rd4 Rc5 31. Qxe6 fxe6 32. Rh4 h5 33. Re4
e5 34. f4 exf4 35. Rxf4 g5 36. Re4 Kc7 37. Kf1 Kd6 38. Ke2 Rf5 39. f3 Kc5 40.
a3 a6 41. bxa6 bxa6 42. Ke3 a5 43. h4 a4 44. hxg5 Rxg5 45. Rh4 Rg1 46. Rxh5+
Kxc4 47. f4 Rg3+ 48. Ke4 Rxa3 49. f5 Ra1 50. f6 a3 51. Ra5 a2 52. f7 Re1+ 53.
Kf5 a1=Q 54. Rxa1 Rxa1 55. Ke6 Rf1 56. Ke7 Rxf7+ 57. Kxf7 1/2-1/2

[Event " 3rd International Chess Festival Sport"]
[Site "Paracin"]
[Date "2010.07.10"]
[Round "2.2"]
[White "Lajthajm Borko"]
[Black "Irizanin Radoje"]
[Result "0-1"]
[ECO "A13"]
[WhiteElo "2493"]
[BlackElo "2300"]
[Annotator "Milojevic,Boban"]
[PlyCount "131"]
[EventDate "2010.??.??"]
[TimeControl "5400"]

1. c4 e6 2. g3 d5 3. Bg2 a6 4. cxd5 exd5 5. d4 Nf6 6. Nc3 Be7 7. Nf3 O-O 8. Qc2
Re8 9. O-O Nbd7 10. Ne5 c6 11. Bf4 Nf8 12. Rad1 Ng6 13. Nxg6 hxg6 14. f3 Be6
15. Na4 Nd7 16. e4 Rc8 17. Be3 b5 18. Nc5 Nxc5 19. dxc5 Qa5 20. b3 Qb4 21. e5
Bf5 22. Qf2 g5 23. Bd4 a5 24. g4 Be6 25. h3 Ra8 26. Rd3 a4 27. Rb1 axb3 28.
Rbxb3 Qa5 29. a3 Qc7 30. Rb4 Ra6 31. h4 gxh4 32. f4 Bxg4 33. f5 Bg5 34. Bb2 Ra4
35. Qd4 Rxb4 36. axb4 Bxf5 37. Rf3 Be4 38. Rf2 Bxg2 39. Rxg2 Qe7 40. Qg4 Bh6
41. Qh5 Be3+ 42. Kh1 d4 43. Qf3 Qxe5 44. Qxc6 Qe4 45. Qxe4 Rxe4 46. c6 Re8 47.
Rg4 Rc8 48. Bxd4 Bxd4 49. Rxd4 Rxc6 50. Rd5 f6 51. Rxb5 Kf7 52. Rb7+ Kg6 53.
Kg2 Rc3 54. b5 Rb3 55. b6 f5 56. Kh2 Kf6 57. Rb8 g5 58. b7 Kg7 59. Kg2 g4 60.
Kf2 f4 61. Rd8 Rb2+ 62. Kf1 Rxb7 63. Rd4 Rf7 64. Rd6 Rf6 65. Rd8 h3 66. Rd5 0-1

[Event " 3rd International Chess Festival Sport"]
[Site "Paracin"]
[Date "2010.07.10"]
[Round "2.2"]
[White "Popovic Djordje D"]
[Black "Abramovic Bosko"]
[Result "0-1"]
[ECO "D36"]
[WhiteElo "2304"]
[BlackElo "2491"]
[Annotator "Milojevic,Boban"]
[PlyCount "146"]
[EventDate "2010.??.??"]
[TimeControl "5400"]

1. d4 Nf6 2. c4 e6 3. Nc3 d5 4. cxd5 exd5 5. Bg5 Be7 6. Qc2 c6 7. e3 Nbd7 8.
Bd3 Nh5 9. Bxe7 Qxe7 10. Nge2 Nb6 11. O-O g6 12. Rab1 O-O 13. Rfe1 Bd7 14. Ng3
Nf6 15. b4 Rad8 16. Nf1 Nh5 17. Ng3 Ng7 18. Nce2 h5 19. h3 h4 20. Nf1 Bf5 21.
Nd2 a6 22. Nf4 Nc8 23. Nf3 Nd6 24. Ne5 g5 25. Bxf5 Ngxf5 26. Nfd3 Kg7 27. Nc5
f6 28. Ned3 Rfe8 29. Qd1 Ne4 30. Rc1 Nfd6 31. Qg4 Nf7 32. Qd1 Ra8 33. f4 a5 34.
fxg5 fxg5 35. bxa5 Rxa5 36. a4 Nfd6 37. Nxe4 Qxe4 38. Ne5 Raa8 39. Qh5 Rxe5 40.
dxe5 Qxe5 41. Qg4 Kg6 42. Qb4 Re8 43. a5 Ra8 44. Kh1 Ne4 45. Rc2 Qc7 46. Ra2 c5
47. Qb5 Ra6 48. Rb2 Rf6 49. Qe8+ Kg7 50. Rb6 Nf2+ 51. Kg1 Nxh3+ 52. Kh1 Nf2+
53. Kg1 Ng4 54. Rxf6 Qh2+ 55. Kf1 Qh1+ 56. Ke2 Qxg2+ 57. Rf2 Qxf2+ 58. Kd1 Nf6
59. Qe7+ Kg6 60. Qxb7 h3 61. a6 h2 62. a7 Qxe1+ 63. Kxe1 h1=Q+ 64. Ke2 Qg2+ 65.
Ke1 Qg1+ 66. Ke2 Ne4 67. Qc6+ Kh5 68. Qe8+ Kh4 69. Qxe4+ dxe4 70. a8=Q Qg2+ 71.
Ke1 Qg3+ 72. Kd1 Qf3+ 73. Kc2 Qxe3 0-1

[Event " 3rd International Chess Festival Sport"]
[Site "Paracin"]
[Date "2010.07.10"]
[Round "2.2"]
[White "Zivkovic Sava"]
[Black "Savic Miodrag R"]
[Result "0-1"]
[ECO "B01"]
[WhiteElo "2289"]
[BlackElo "2477"]
[Annotator "Milojevic,Boban"]
[PlyCount "82"]
[EventDate "2010.??.??"]
[TimeControl "5400"]

1. e4 d5 2. exd5 Qxd5 3. Nc3 Qa5 4. d4 Nf6 5. Nf3 c6 6. Bc4 Bf5 7. Bd2 e6 8.
Qe2 Bb4 9. O-O-O Nbd7 10. Kb1 O-O-O 11. a3 Bxc3 12. Bxc3 Qc7 13. Nh4 Be4 14.
Nf3 Bg6 15. g3 Rhe8 16. Bd2 Bh5 17. Bf4 Qb6 18. Rhe1 Qa5 19. h3 Qf5 20. Rd3 Nb6
21. Qe5 Qxe5 22. Nxe5 Nfd5 23. Bxd5 Nxd5 24. Bc1 f6 25. Nc4 Bg6 26. Rdd1 h5 27.
Ne3 Nc7 28. a4 Rd7 29. b3 Red8 30. Bb2 Be4 31. Nc4 Bg2 32. h4 e5 33. c3 c5 34.
Ne3 Bf3 35. Rd2 Ne6 36. Nc2 Bg4 37. Kc1 cxd4 38. cxd4 exd4 39. Kb1 d3 40. Ne3
Be2 41. Ba3 Nd4 0-1

[Event " 3rd International Chess Festival Sport"]
[Site "Paracin"]
[Date "2010.07.10"]
[Round "2.2"]
[White "Janev Evgeni"]
[Black "Dinic Dragan"]
[Result "1/2-1/2"]
[ECO "C54"]
[WhiteElo "2463"]
[BlackElo "2285"]
[Annotator "Milojevic,Boban"]
[PlyCount "84"]
[EventDate "2010.??.??"]
[TimeControl "5400"]

1. e4 e5 2. Nf3 Nc6 3. Bc4 Bc5 4. d3 Nf6 5. c3 Qe7 6. Nbd2 a6 7. a4 d6 8. b4
Ba7 9. O-O O-O 10. Bb3 h6 11. Nc4 Be6 12. Ne3 Nh5 13. Nd5 Bxd5 14. exd5 Nb8 15.
d4 Nd7 16. Re1 Qf6 17. a5 Nf4 18. g3 Ng6 19. Qd3 Rfe8 20. Bd2 Ndf8 21. h4 Nd7
22. Ba4 Ngf8 23. Kg2 Red8 24. h5 Re8 25. Rac1 Re7 26. Re2 Rae8 27. dxe5 dxe5
28. Rce1 Qd6 29. Nh4 e4 30. Rxe4 Rxe4 31. Rxe4 Rxe4 32. Qxe4 Nf6 33. Qf3 Qxd5
34. Qxd5 Nxd5 35. Nf5 Ne6 36. Bb3 Nf6 37. Kf3 Nxh5 38. Bd5 Nd8 39. Ne7+ Kf8 40.
Nc8 Bb8 41. Bb3 Ne6 42. Ba4 Nf6 1/2-1/2